 Dungeon Crawl Stone Soup version 0.25.0-11-g1f837a76a1 (webtiles) character file.

Game seed: 18231972212338007652

1676 Delamore the Basher (level 9, 0/76 HPs)
             Began as a Gargoyle Fighter on June 24, 2020.
             Splashed by a brown ugly thing's acid (5 damage)
             ... on level 6 of the Dungeon.
             The game lasted 00:05:23 (4701 turns).

Delamore the Basher (Gargoyle Fighter)              Turns: 4701, Time: 00:05:24

Health: 0/76       AC:  2    Str: 23    XL:     9   Next: 1%
Magic:  9/9        EV:  8    Int:  9    God:
Gold:   263        SH:  9    Dex:  9    Spells: 8/8 levels left

rFire    . . .     SeeInvis +   B - +1 whip (elec)
rCold    + . .     Gourm    .   c - +0 kite shield
rNeg     + . .     Faith    .   i - +0 troll leather armour {Purgy}
rPois    ∞         Spirit   .   (no helmet)
rElec    +         Reflect  .   r - scarf {+Inv}
rCorr    .         Harm     .   (no gloves)
MR       .....                  (no boots)
Stlth    ..........             F - amulet of regeneration
HPRegen  1.02/turn              e - ring of protection from cold
MPRegen  0.11/turn              l - ring of see invisible

@: berserking, corroded, very quick
A: negative energy resistance 1, electricity resistance, unbreathing,
petrification resistance, rot immunity, AC +6
a: Evoke Invisibility


You were on level 6 of the Dungeon.
You were not hungry.

You visited 1 branch of the dungeon, and saw 6 of its levels.
You also visited: Ossuary.

You collected 263 gold pieces.

Inventory:

Hand Weapons
 a - a +0 flail
 B - a +1 whip of electrocution (weapon)
Armour
 c - a +0 kite shield (worn)
 i - a +0 troll leather armour (worn) {Purgy}
 o - a +0 cloak
 r - a scarf of invisibility (worn)
Jewellery
 e - a ring of protection from cold (left hand)
 l - a ring of see invisible (right hand)
 p - an uncursed amulet of guardian spirit
 F - an amulet of regeneration (around neck)
Wands
 A - a wand of digging (2)
 G - a wand of acid (13)
Scrolls
 b - 2 scrolls of identify
 g - a scroll of teleportation
 s - a scroll of amnesia
 t - a scroll of enchant armour
 u - 2 scrolls of fog
 w - a scroll of noise
 x - a scroll of remove curse
 y - a scroll of blinking {unknown}
Potions
 d - 2 potions of might
 h - 12 potions of curing
 j - 2 potions of ambrosia {unknown}
 k - 2 potions of lignification
 m - 2 potions of invisibility
 n - 2 potions of magic
 v - a potion of heal wounds
 z - a potion of cancellation
 C - a potion of brilliance {unknown}
 D - 2 potions of flight {unknown}
 E - a potion of haste
Comestibles
 f - 13 rations


   Skills:
 - Level 3.2 Fighting
 + Level 11.2 Maces & Flails
 - Level 3.2 Armour
 - Level 3.2 Shields


You had 8 spell levels left.
You didn't know any spells.
Your spell library contained the following spells:

 Spells                   Type           Power        Failure   Level  Hunger
 Beastly Appendage        Tmut           #.....       91%         1    ##.....
 Sticks to Snakes         Tmut           #.......     97%         2    ###....
 Spider Form              Tmut/Pois      #.........   99%         3    ####...
 Ice Form                 Ice/Tmut       #.......     100%        4    #####..
 Blade Hands              Tmut           #.........   100%        5    ######.


Dungeon Overview and Level Annotations

Branches:
Dungeon (6/15)            Ossuary (visited)
 Temple: D:4-7

Altars:
Yredelemnul

Annotations:
D:3 2 transporters, Mandevil's ghost, weakling DEWz


Innate Abilities, Weirdness & Mutations

You are resistant to torment.
Your stone body is resilient. (AC +6)
You are immune to poison.
You resist negative energy. (rN+)
You are resistant to electric shocks. (rElec)
You can survive without breathing.
You are immune to petrification.
You are immune to rotting.


Message History

The worker ant bites you.
* * * LOW HITPOINT WARNING * * *
You feel much better. The worker ant bites you!
* * * LOW HITPOINT WARNING * * *
You block the brown ugly thing's attack.
A red film seems to cover your vision as you go berserk!
You feel yourself moving faster!
You feel mighty! The worker ant bites you.
* * * LOW HITPOINT WARNING * * *
The brown ugly thing barely misses you.
You hit the brown ugly thing.
Lightning courses through the brown ugly thing!
The brown ugly thing is severely wounded.
You closely miss the brown ugly thing.
The brown ugly thing is severely wounded.
The worker ant bites you.
* * * LOW HITPOINT WARNING * * *
The brown ugly thing gores you.
* * * LOW HITPOINT WARNING * * *
You are splashed with acid.
You die...

#.# #.#######
####.......#
..#.#####.#
#.#....##.#
#####.#.###.#.####
.................#
##.#####a#.###.#.##.#
.......@u.....##.# #
########.........#
##[..###### ##.## #.#
#.# #.# #.# #.# ##'##
#.# ##...## #.###
##.....##


You could see a brown ugly thing and a worker ant.

Vanquished Creatures
  Pikel (D:4)
  A slave (D:4)
  Purgy (D:4)
  A centaur (D:6)
  An ogre (D:4)
  A phantom (D:6)
  3 elf zombies (Ossuary)
  A scorpion (D:4)
  2 howler monkeys (D:5)
  A crimson imp (D:5)
  A human zombie (Ossuary)
  A centaur skeleton (D:5)
  3 orc wizards
  An iguana (D:4)
  Jessica (D:2)
  2 worker ants
  A big kobold zombie (Ossuary)
  2 hound skeletons
  2 mummies (Ossuary)
  6 gnolls
  3 adders
  An ooze (D:4)
  2 adder zombies (Ossuary)
  2 worms
  2 dart slugs
  3 leopard geckos
  7 orcs
  4 ball pythons
  8 giant cockroaches
  4 jackals (D:3)
  8 kobolds
  A quokka (D:5)
  6 bats
  7 frilled lizards
  4 goblins
  10 hobgoblin zombies (Ossuary)
  8 kobold zombies (Ossuary)
  7 orc zombies (Ossuary)
  10 rats
  4 rat zombies (Ossuary)
  A spectral orc (D:2)
135 creatures vanquished.

Notes
Turn   | Place    | Note
-------+----------+-------------------------------------------
     0 | D:1      | Delamore the Gargoyle Fighter began the quest for the Orb.
     0 | D:1      | Reached XP level 1. HP: 14/14 MP: 1/1
   278 | D:1      | Reached XP level 2. HP: 14/19 MP: 2/2
   556 | D:1      | Reached skill level 3 in Maces & Flails
   948 | D:2      | Reached XP level 3. HP: 18/23 MP: 3/3
  1264 | D:2      | Reached skill level 4 in Maces & Flails
  1271 | D:2      | Reached XP level 4. HP: 14/28 MP: 4/4
  1709 | D:2      | Noticed Jessica
  1717 | D:2      | Killed Jessica
  1874 | D:2      | Found a basalt altar of Yredelemnul.
  1944 | D:3      | Found a transporter.
  1944 | D:3      | Noticed Mandevil's ghost (weakling DEWz)
  1958 | D:3      | Reached skill level 5 in Maces & Flails
  1958 | D:3      | Reached XP level 5. HP: 32/32 MP: 5/5
  2292 | D:3      | Found a transporter.
  2792 | D:4      | Noticed Purgy
  2802 | D:4      | Killed Purgy
  2802 | D:4      | Reached skill level 6 in Maces & Flails
  2802 | D:4      | Reached XP level 6. HP: 30/37 MP: 6/6
  2991 | D:4      | Reached skill level 7 in Maces & Flails
  3009 | D:3      | Reached XP level 7. HP: 17/41 MP: 3/7
  3241 | D:4      | Noticed Pikel
  3269 | D:4      | Killed Pikel
  3269 | D:4      | Reached skill level 9 in Maces & Flails
  3269 | D:4      | Reached XP level 8. HP: 8/46 MP: 0/8
  3635 | D:5      | Entered Level 5 of the Dungeon
  3731 | D:5      | Found a sand-covered staircase.
  3738 | Ossuary  | Entered an ossuary
  3891 | Ossuary  | Reached skill level 10 in Maces & Flails
  4489 | D:6      | Reached skill level 11 in Maces & Flails
  4519 | D:6      | Reached XP level 9. HP: 42/51 MP: 9/9
  4668 | D:6      | Noticed a brown ugly thing
  4697 | D:6      | HP: 1/51 [worker ant (5)]
  4701 | D:6      | Splashed by a brown ugly thing's acid

Illustrated notes

Levels and vault maps discovered:
D:1:      nagdon_arrival_zigzag_paths, layout_basic
D:2:      layout_rooms, yredelemnul_forgotten_temple_becter, item_on_display_b,
          uniq_jessica
D:3:      layout_loops_cross, gammafunk_ghost_arena, minmay_misc_feat_tiny,
          kennysheep_generic_room_13
D:4:      layout_cave_pools, first_ration, minmay_cut_off, uniq_purgy,
          uniq_pikel
D:5:      layout_basic, chequers_ossuary_entry_cave
D:6:      layout_loops_corners, minmay_temple_entry_fiery, elyvilon_altar_5

Skill      XL: |  1  2  3  4  5  6  7  8 |
---------------+-------------------------+-----
Maces & Flails | 3 4 5 6 7 9 11 | 11.2
Fighting       | |  3.2
Armour         | |  3.2
Shields        | |  3.2

Action                   |  1- 3 |  4- 6 |  7- 9 || total
-------------------------+-------+-------+-------++-------
Melee: Flail             |   123 |   194 |    56 ||   373
       Whip              |       |       |   227 ||   227
  Use: Scroll            |       |     5 |    12 ||    17
       Potion            |       |       |     2 ||     2
  Eat: Chunk             |     1 |     6 |     6 ||    13
Armor: Scale mail        |    68 |   103 |       ||   171
       Troll leather arm |       |     8 |   126 ||   134
Dodge: Dodged            |    48 |    65 |    80 ||   193
Block: Kite shield       |    72 |   110 |   109 ||   291
